 Dungeon Crawl Stone Soup version 0.17-a0-1767-gccbed74 (webtiles) character file.

678 CuntPokingMan the Cleaver (level 7, -3/61 HPs)
             Began as a Hill Orc Berserker on Sept 7, 2015.
             Was a Priest of Trog.
             Slain by TruthSerum's ghost (10 damage)
             ... in an ossuary.
             The game lasted 00:15:57 (3498 turns).

CuntPokingMan the Cleaver (Hill Orc Berserker)      Turns: 3498, Time: 00:15:57

Health: -3/61      AC:  7    Str: 22    XL:     7   Next: 60%
Magic:  7/7        EV: 11    Int:  7    God:    Trog [***...]
Gold:   182        SH:  0    Dex: 10    Spells: 0 memorised, 6 levels left

rFire  . . .     SeeInvis .     a - +0 hand axe
rCold  . . .     Clarity  +     j - +0 ring mail
rNeg   . . .     SustAt   .     (no shield)
rPois  .         Gourm    .     (no helmet)
rElec  .         Spirit   .     d - -1 cloak
rCorr  .         Warding  .     (no gloves)
rMut   .         Stasis   .     e - +0 pair of boots
MR     .....                    l - amulet of clarity
Stlth  ..........               (no ring)
                                (no ring)

@: lethally poisoned (-3 -> -20), not resistant to hostile enchantments,
extremely unstealthy
A: no striking features
a: Burn Spellbooks, Berserk, Trog's Hand, Renounce Religion


You were in an ossuary.
You worshipped Trog.
Trog was most pleased with you.
You were not hungry.

You visited 1 branch of the dungeon, and saw 4 of its levels.
You also visited: Ossuary.

You collected 182 gold pieces.

Inventory:

Hand weapons
 a - a +0 hand axe (weapon)
Armour
 b - a +0 animal skin
 d - a -1 cloak (worn)
 e - a +0 pair of boots (worn)
 j - a +0 ring mail (worn)
 n - a cursed +0 robe
Jewellery
 l - an amulet of clarity (around neck)
Scrolls
 h - 2 scrolls of remove curse
 o - a scroll of magic mapping
Potions
 k - a potion of ambrosia
Comestibles
 f - a beef jerky
 g - 2 meat rations


   Skills:
 * Level 5.6 Fighting
 * Level 8.9 Axes
 * Level 4.5 Armour
 - Level 1.7 Dodging


You had 6 spell levels left.
You didn't know any spells.

Dungeon Overview and Level Annotations

Branches:
Dungeon (4/15)
 Temple: D:4-7

Altars:
Zin

Annotations:
Ossuary TruthSerum's ghost, average OgBe


Message History

* * * LOW HITPOINT WARNING * * *
A scorpion comes into view.
You barely miss TruthSerum's ghost. TruthSerum's ghost closely misses you.
You hit TruthSerum's ghost.
TruthSerum's ghost is lightly damaged.
* * * LOW HITPOINT WARNING * * *
You feel sick.
TruthSerum's ghost hits you but does no damage.
You are lethally poisoned!
An arrow hits the scorpion, but does no damage!
You barely miss TruthSerum's ghost.
TruthSerum's ghost is lightly damaged.
* * * LOW HITPOINT WARNING * * *
You feel sick.
A scorpion comes into view.
You barely miss TruthSerum's ghost.
TruthSerum's ghost is lightly damaged.
* * * LOW HITPOINT WARNING * * *
You feel sick. TruthSerum's ghost hits you!
You die...

###8.....8###!.!#...8...
#...........#M?.#.......
#...........######8...8#
#.....8.....#.^.#.......
#.....#†....'^^.#...8...
#.....#.....#.^.#...#...
##'###########'#######'#
#.^.#...#...#...#...#.^.
#...'..@Ws..#...8...'.^.
#...#...#s..#.......#^^^
######### s###8...8#####
#!ZM# .#.......#M..
#?.!# #...8...#!.? #??.#
#...#...#!.. ##'##
##########+# .. ..


You could see 3 scorpions and TruthSerum's ghost.

Vanquished Creatures
  Grinder (D:3)
  3 scorpions (Ossuary)
  A centaur zombie (Ossuary)
  2 human zombies (Ossuary)
  A hound (D:2)
  An orc priest (D:3)
  2 big kobold zombies (Ossuary)
  2 mummies (Ossuary)
  5 adders
  A scorpion zombie (Ossuary)
  A worm (D:2)
  2 giant geckos
  8 orcs
  7 bats
  5 goblins
  9 hobgoblins
  3 jackals (D:2)
  A quokka (D:3)
  6 giant cockroaches
  A giant newt (D:2)
  3 gnoll zombies (Ossuary)
  A goblin zombie (Ossuary)
  A hobgoblin zombie (Ossuary)
  10 kobolds
  7 rats
84 creatures vanquished.

Notes
Turn   | Place    | Note
--------------------------------------------------------------
     0 | D:1      | CuntPokingMan the Hill Orc Berserker began the quest for the Orb.
     0 | D:1      | Reached XP level 1. HP: 19/19 MP: 1/1
   338 | D:1      | Reached XP level 2. HP: 15/26 MP: 2/2
   759 | D:1      | Acquired Trog's second power
  1110 | D:1      | Reached XP level 3. HP: 28/33 MP: 3/3
  1228 | D:2      | Reached skill level 5 in Axes
  1441 | D:2      | Reached XP level 4. HP: 19/40 MP: 4/4
  1691 | D:2      | Reached skill level 6 in Axes
  2356 | D:3      | Found a glowing silver altar of Zin.
  2526 | D:3      | Reached XP level 5. HP: 32/46 MP: 5/5
  2648 | D:3      | Noticed Grinder
  2765 | D:3      | Reached skill level 7 in Axes
  2980 | D:3      | Killed Grinder
  2980 | D:3      | Reached skill level 5 in Fighting
  2980 | D:3      | Reached skill level 8 in Axes
  2980 | D:3      | Reached XP level 6. HP: 56/56 MP: 6/6
  3090 | D:4      | Found a sand-covered staircase.
  3095 | Ossuary  | Entered an ossuary
  3154 | Ossuary  | Reached XP level 7. HP: 58/61 MP: 7/7
  3487 | Ossuary  | Noticed TruthSerum's ghost (average OgBe)
  3498 | Ossuary  | Slain by TruthSerum's ghost

Vault maps used:
D:1:      nagdon_arrival_double_spiral, minmay_close_crescents
D:3:      overflow_temple_1_default, first_bread, minmay_mini_jars, uniq_grinder
D:4:      portal_sewer_entry_d, enter_ossuary_2
Ossuary:  ossuary_minmay_scorpions

Action                   |  1- 3 |  4- 6 |  7- 9 || total
-------------------------+-------+-------+-------++-------
Melee: Hand axe          |   132 |   119 |    67 ||   318
Invok: Berserk           |       |     4 |     2 ||     6
  Use: Scroll            |     4 |     3 |       ||     7
       Potion            |     5 |     1 |     1 ||     7
  Eat: Bread ration      |     1 |     2 |       ||     3
       Beef jerky        |       |       |     1 ||     1
